 Dungeon Crawl Stone Soup version 0.29-a0-384-g6960b1960d (webtiles) character file.

Game seed: 2040855752484957305

24 bande the Skirmisher (level 3, 0/24 HPs)
             Began as a Gargoyle Fighter on May 8, 2022.
             Killed by nerve-wracking pain
             ... invoked by Jessica
              (6 damage)
             ... on level 1 of the Dungeon.
             The game lasted 00:01:29 (1434 turns).

bande the Skirmisher (Gargoyle Fighter)             Turns: 1434, Time: 00:01:30

Health: 0/24       AC: 10    Str: 19    XL:     3   Next: 2%
Magic:  3/3        EV:  9    Int:  8    God:
Gold:   22         SH:  4    Dex: 11    Spells: 2/2 levels left

rFire   . . .      SeeInvis .   a - +0 war axe
rCold   . . .      Faith    .   c - +0 buckler
rNeg    + . .      Spirit   .   b - +0 scale mail
rPois   ∞          Reflect  .   (no helmet)
rElec   +          Harm     .   (no cloak)
rCorr   .          Rampage  .   (no gloves)
Will    .....                   (no boots)
Stlth   ..........              (no amulet)
HPRegen 0.08/turn               (no ring)
MPRegen 0.08/turn               (no ring)

@: no status effects
A: sickness immunity, AC +3, negative energy resistance 1, electricity
resistance, torment resistance 1, petrification resistance
a: no special abilities


You were on level 1 of the Dungeon.
You visited 1 branch of the dungeon, and saw 2 of its levels.

You collected 22 gold pieces.

Inventory:

Hand Weapons
 a - a +0 war axe (weapon)
Armour
 b - a +0 scale mail (worn)
 c - a +0 buckler (worn)
Scrolls
 e - a scroll of vulnerability {unknown}
 i - 2 scrolls of identify {unknown}
 j - a scroll of poison {unknown}
Potions
 d - a potion of might
 f - a potion of brilliance {unknown}
 g - a potion of ambrosia {unknown}
 h - a potion of curing {unknown}


   Skills:
 + Level 3.7 Fighting
 + Level 2.1 Axes
 + Level 3.5 Armour
 + Level 3.6 Shields


You had 2 spell levels left.
You didn't know any spells.
Your spell library was empty.

Dungeon Overview and Level Annotations

Branches:
Dungeon (2/15)

Altars:

Shops:
D:1 *

Annotations:
D:1 Jessica


Innate Abilities, Weirdness & Mutations

You are immune to sickness and miasma.
Your stone body is resilient. (AC +3)
You are immune to poison.
You resist negative energy. (rN+)
You are resistant to electric shocks. (rElec)
You are resistant to unholy torment.
You are immune to petrification.


Message History

The frilled lizard hisses angrily.
You slash the hobgoblin!
You kill the hobgoblin!
You hit the endoplasm. You closely miss the goblin. You hit Jessica.
You hit the kobold.
You kill the kobold!
Jessica closely misses you. The endoplasm hits you.
The goblin hits you but does no damage.
Jessica points at you and mumbles some strange words.
You resist with some effort.
You have reached level 3!
Your experience leads to an increase in your attributes!
Increase (S)trength, (I)ntelligence, or (D)exterity?
You feel agile. x2
The goblin attacks as you move away! You block the goblin's attack.
The endoplasm freezes you.
You are frozen.
Jessica barely misses you.
You see here a hobgoblin corpse.
Jessica attacks as you move away! You block Jessica's attack.
There is a stone staircase leading up here.
Jessica hits you but does no damage. Jessica hits you with a +0 club.
You climb upwards.
There is a stone staircase leading down here.
Unknown command.
You hit Jessica.
Jessica is heavily wounded.
Jessica closely misses you. x2
You hit Jessica.
Jessica is heavily wounded.
Jessica hits you with a +0 club.
Jessica grins evilly.
Jessica hits you with a +0 club.
* * * LOW HITPOINT WARNING * * *
You barely miss Jessica.
Jessica is heavily wounded.
Jessica gestures wildly while chanting.
Jessica blinks!
Jessica points at you and mumbles some strange words.
Pain shoots through your body!
You die...

#......##########
######.##.......# #
####.##.......# ### ##
###.##.##.......# ##.## ##. ♣
#...............# ##.#.## #..
♣♣######.##.......# ##.###.##
#.. .♣♣♣ #.##...@...###.##
##.###.# ...♣♣ #.##....>..##.##
##..... ....♣♣ #######.#@.....##
##.###.# .....♣ #.#.####..###.##
#.# .....♣# #.>..# #.#.#.## #.#
......# ###..# #.##.## #..
.....##### ###..###.##.### ###
.........# #.............#
.........# ##.##..#.###.#.##
♣#######.# ##..##).#.# #.#..## #
#.......###..8.8.8#.###.#...####


You could see Jessica (fast).

Vanquished Creatures
  2 bats (D:1)
  4 endoplasms (D:1)
  2 giant cockroaches (D:1)
  A hobgoblin (D:2)
  3 ball pythons (D:1)
  5 frilled lizards
  3 goblins (D:1)
  2 kobolds
  3 rats (D:1)
25 creatures vanquished.

Notes
Turn   | Place    | Note
-------+----------+-------------------------------------------
     0 | D:1      | bande the Gargoyle Fighter began the quest for the Orb.
     0 | D:1      | Reached XP level 1. HP: 14/14 MP: 1/1
    56 | D:1      | Found Qagapeq's General Store.
   217 | D:1      | Reached XP level 2. HP: 19/19 MP: 2/2
  1419 | D:2      | Noticed Jessica
  1426 | D:2      | Reached XP level 3. HP: 19/24 MP: 3/3
  1434 | D:1      | Killed from afar by Jessica

Illustrated notes

Levels and vault maps discovered:
D:1:      sevenhm_arrival_forest_fort_large_4, layout_loops_corners,
          serial_shops, nicolae_shop_temple_entry_statues_fountains
D:2:      layout_rooms, uniq_jessica

Skill      XL: |  1  2 |
---------------+-------+-----
Axes           | 2 |  2.1
Fighting       | |  3.7
Armour         | |  3.5
Shields        | |  3.6

Action                   || total
-------------------------++-------
Melee: War axe           ||    95
Armor: Scale mail        ||    79
Dodge: Dodged            ||    57
Block: Buckler           ||    25

Table legend: (Time is in decaauts)
 A = Elapsed time spent in this place.
 B = Non-inter-level travel time spent in this place.
 C = Inter-level travel time spent in this place.
 D = Time resting spent in this place.
 E = Time spent auto-exploring this place.
 F = Levels seen in this place.
 G = Mean time per level.
                   A        B        C        D        E       F      G
               +--------+--------+--------+--------+--------+-----+--------+
         Total |   1476 |   1476 |      0 |    156 |   1039 |   2 |  738.0 |
       Dungeon |   1476 |   1476 |      0 |    156 |   1039 |   2 |  738.0 |
               +--------+--------+--------+--------+--------+-----+--------+

Top non-repeatable levels by time:
     D:1: 1462 daAuts
     D:2: 14 daAuts
